Staline vs Influenza
(R3)
Created - December 21, 2018 at 19:14
Goals
|
Staline |
0 |
2 |
0 |
0 |
2 |
Influenza |
1 |
0 |
1 |
1 |
3 |
|
Shots
|
Staline |
10 |
19 |
10 |
0 |
39 |
Influenza |
13 |
11 |
6 |
1 |
31 |
|
1st period
1. Influenza , Calvin de Haan 4 (Jimmy Vesey 20, Jeremy Duchesne) at 18:07 (PP)
Penalties :
Andrey Pedan (StJ) for Tripping (Minor) at 1:24, Cameron Gaunce (StJ) for Slashing (Minor) at 6:34, Jiri Sekac (StJ) for Holding (Minor) at 9:17, Andrey Pedan (StJ) for Hooking (Minor) at 12:03, Corey Trivino (StJ) for Tripping (Minor) at 13:41, Bryan Bickell (StJ) for Hooking (Minor) at 17:02
2nd period
2. Staline , Jason Akeson 20 (Alex Petrovic 14) at 13:54
3. Staline , Bryan Bickell 6 (Jordan Szwarz 13, Cameron Gaunce 16) at 14:32
Penalties :
Lars Eller (StJ) for Hooking (Minor) at 18:58
3rd period
4. Influenza , Mathieu Carle 7 (Charlie Coyle 22, Jimmy Vesey 21) at 5:32
Penalties :
Calvin de Haan (VJB) for Kneeing (Minor) at 7:49, Jason Akeson (StJ) for Hooking (Minor) at 12:22, Tyler Pitlick (StJ) for Tripping (Minor) at 19:01
Overtime #1
5. Influenza , Charlie Coyle 11 (Alex Killorn 1, Calvin de Haan 31) at 0:10 (PP)
Penalties :
No Penalty
Goalie Stats
Andrew Hammond (StJ), 28 saves from 31 shots - (0.903), OTL, 7-5-2, 60:10 minutes
Jeremy Duchesne (VJB), 37 saves from 39 shots - (0.949), W, 16-5-1, 60:10 minutes
Players Stats for Staline
Player Name G A P +/- PIM S H SB GA TA FO MP PP MP PK MP
------------------------------------------------------------------------------------
Alex Petrovic 0 1 1 1 0 4 4 2 0 3 0/0 28:25 1:21 10:02
Andrey Pedan 0 0 0 0 4 0 1 0 0 0 0/0 11:15 0:00 0:21
Barclay Goodrow 0 0 0 0 0 0 1 0 0 0 0/0 6:00 0:00 0:00
Bryan Bickell 1 0 1 1 2 5 1 0 0 1 0/1 14:34 0:49 1:46
Cameron Gaunce 0 1 1 1 2 2 2 2 0 0 0/0 27:43 1:21 8:50
Corey Trivino 0 0 0 1 2 5 0 0 0 1 13/23 20:02 0:49 7:46
Jason Akeson 1 0 1 0 2 6 1 0 1 0 1/3 20:13 1:10 4:40
Jiri Sekac 0 0 0 0 2 1 1 0 0 0 1/1 10:06 0:00 0:01
Jordan Szwarz 0 1 1 1 0 0 1 0 2 0 0/1 12:14 0:49 0:00
Lars Eller 0 0 0 0 2 3 3 0 0 0 19/25 20:12 1:10 4:39
Marek Zagrapan 0 0 0 0 0 2 1 0 1 0 1/3 10:32 0:00 0:24
Mike Reilly 0 0 0 0 0 0 0 1 0 0 0/0 17:28 0:38 5:43
Nick Spaling 0 0 0 0 0 6 2 1 0 0 0/1 24:14 1:10 8:39
Peter Holland 0 0 0 0 0 1 0 0 0 0 4/8 9:27 0:00 2:55
Philip Larsen 0 0 0 0 0 2 1 0 0 1 0/0 15:09 0:00 0:52
Sergey Tolchinsky 0 0 0 0 0 0 0 0 0 0 0/0 6:00 0:00 0:00
Tyler Pitlick 0 0 0 0 2 1 0 0 0 0 0/0 9:52 0:00 0:00
Viktor Loov 0 0 0 0 0 1 5 1 0 1 0/0 20:59 0:38 5:50
Players Stats for Influenza
Player Name G A P +/- PIM S H SB GA TA FO MP PP MP PK MP
------------------------------------------------------------------------------------
Alex Killorn 0 1 1 0 0 3 1 0 1 0 0/3 18:04 8:29 1:24
Anthony Mantha 0 0 0 0 0 0 1 0 0 0 2/3 9:19 0:00 0:00
Beau Bennett 0 0 0 0 0 7 4 0 2 1 0/0 23:29 8:29 0:29
Calvin de Haan 1 1 2 0 2 3 0 3 0 1 0/0 26:33 8:16 0:00
Charlie Coyle 1 1 2 0 0 6 2 0 1 0 14/42 24:25 8:29 1:24
Dmitry Sinitsyn 0 0 0 0 0 1 0 1 0 0 0/0 11:44 1:18 0:00
Iiro Pakarinen 0 0 0 -1 0 0 1 0 1 1 1/2 12:25 0:01 0:00
Jake Guentzel 0 0 0 -1 0 3 1 0 1 0 6/9 18:58 7:06 0:00
Jimmy Vesey 0 2 2 0 0 2 1 1 0 0 0/0 21:40 7:06 0:00
Joe Morrow 0 0 0 0 0 0 0 1 0 0 0/0 12:00 0:28 1:06
Johan Larsson 0 0 0 0 0 0 1 1 0 0 0/0 7:41 0:00 0:06
Jordan Schroeder 0 0 0 0 0 0 1 0 0 0 1/2 7:20 0:00 0:06
Justin Bailey 0 0 0 0 0 0 2 0 0 0 0/0 13:25 7:05 0:00
Mark Olver 0 0 0 0 0 0 2 0 0 0 1/3 9:09 0:00 0:29
Mathieu Carle 1 0 1 0 0 4 2 3 0 1 0/0 28:49 9:06 1:31
Max Domi 0 0 0 -1 0 1 0 0 1 0 2/2 12:20 0:00 0:00
Paul Ladue 0 0 0 -1 0 0 2 1 0 0 0/0 20:27 6:01 0:28
Tim Erixon 0 0 0 -1 0 1 3 0 0 0 0/0 20:52 6:01 0:53
3 Stars
1 - Jeremy Duchesne (VJB)
2 - Charlie Coyle (VJB)
3 - Mathieu Carle (VJB)
Power Play
Staline - 0 on 1 Attempt(s) - 0.00%
Influenza - 2 on 9 Attempt(s) - 22.22%
Penalty Kill
Staline - 7 on 9 Attempt(s) - 77.78%
- Score 0 goal in Penalty Kill
Influenza - 1 on 1 Attempt(s) - 100.00%
- Score 0 goal in Penalty Kill
Team Stat
Staline - Hits : 24 - Faceoff Wins : 39 - Blocked Shots : 7 - Penalty Minutes : 18
Influenza - Hits : 24 - Faceoff Wins : 27 - Blocked Shots : 11 - Penalty Minutes : 2
Official
Referees : Unknown
Linesman : Unknown
Game Notes
No Game Note
Finance
Level 1 -- Attendance: 1430 (71.50%) -- Ticket Income $57,200
Level 2 -- Attendance: 760 (76.00%) -- Ticket Income $15,200
Total Attendance: 2190 (73.00%)
Total Ticket Income: $72,400
Other Income: $3,620
Total Income: $76,020
Staline
5 vs 5 Forward
Center Left Wing Right Wing Time % Phy DF OF
1 Lars Eller Nick Spaling Jason Akeson 40 0 1 4
2 Corey Trivino Bryan Bickell Jordan Szwarz 30 0 1 4
3 Marek Zagrapan Jiri Sekac Tyler Pitlick 20 0 2 3
4 Peter Holland Sergey Tolchinsky Barclay Goodrow 10 1 3 1
5 vs 5 Defense
Defense Defense Time % Phy DF OF
1 Cameron Gaunce Alex Petrovic 40 0 3 2
2 Viktor Loov Philip Larsen 30 0 3 2
3 Andrey Pedan Mike Reilly 20 0 3 2
4 Cameron Gaunce Alex Petrovic 10 0 3 2
PowerPlay Forward
Center Left Wing Right Wing Time % Phy DF OF
1 Lars Eller Nick Spaling Jason Akeson 60 0 0 5
2 Corey Trivino Bryan Bickell Jordan Szwarz 40 0 0 5
PowerPlay Defense
Defense Defense Time % Phy DF OF
1 Cameron Gaunce Alex Petrovic 60 0 1 4
2 Viktor Loov Mike Reilly 40 0 1 4
Penalty Kill 4 Players Forward
Center Wing Time % Phy DF OF
1 Corey Trivino Nick Spaling 60 0 5 0
2 Lars Eller Jason Akeson 40 0 5 0
Penalty Kill 4 Players Defense
Defense Defense Time % Phy DF OF
1 Cameron Gaunce Alex Petrovic 60 0 5 0
2 Viktor Loov Mike Reilly 40 0 5 0
Penalty Kill - 3 Players Forward
Forward Time % Phy DF OF
1 Peter Holland 60 0 5 0
2 Lars Eller 40 0 5 0
Penalty Kill - 3 Players Defense
Defense Defense Time % Phy DF OF
1 Cameron Gaunce Alex Petrovic 60 0 5 0
2 Viktor Loov Mike Reilly 40 0 5 0
4 vs 4 Forward
Center Wing Time % Phy DF OF
1 Marek Zagrapan Jordan Szwarz 60 0 2 3
2 Lars Eller Jason Akeson 40 0 2 3
4 vs 4 Defense
Defense Defense Time % Phy DF OF
1 Cameron Gaunce Alex Petrovic 60 0 2 3
2 Viktor Loov Mike Reilly 40 0 2 3
Last Minutes Offensive
Center Left Wing Right Wing Defense Defense
Lars Eller Nick Spaling Jason Akeson Cameron Gaunce Alex Petrovic
Last Minutes Defensive
Center Left Wing Right Wing Defense Defense
Lars Eller Nick Spaling Jordan Szwarz Cameron Gaunce Alex Petrovic
Goaltenders
Starting : Andrew Hammond
Backup : Joni Ortio
Extra Forwards
Normal : Jordan Szwarz, Marek Zagrapan, Jason Akeson - PP : Jordan Szwarz, Marek Zagrapan - PK : Nick Spaling
Extra Defensemen
Normal : Andrey Pedan, Philip Larsen, Viktor Loov - PP : Andrey Pedan - PK : Philip Larsen, Viktor Loov
Penalty Shots
Nick Spaling, Jordan Szwarz, Lars Eller, Jason Akeson, Bryan Bickell
Scratches
Tyler Lewington (Healthy), Tobias Lindberg (Healthy), Nikita Nesterov (Healthy), Charles Hudon (Healthy), David Musil (Healthy)
Danny Kristo (Left Hand Injury), Darcy Kuemper (Healthy)
Influenza
5 vs 5 Forward
Center Left Wing Right Wing Time % Phy DF OF
1 Charlie Coyle Jimmy Vesey Beau Bennett 40 1 2 2
2 Jake Guentzel Max Domi Iiro Pakarinen 30 1 2 2
3 Mark Olver Alex Killorn Anthony Mantha 20 1 2 2
4 Jordan Schroeder Johan Larsson Justin Bailey 10 1 2 2
5 vs 5 Defense
Defense Defense Time % Phy DF OF
1 Calvin de Haan Mathieu Carle 40 1 2 2
2 Tim Erixon Paul Ladue 30 1 2 2
3 Dmitry Sinitsyn Joe Morrow 20 1 2 2
4 Calvin de Haan Mathieu Carle 10 1 2 2
PowerPlay Forward
Center Left Wing Right Wing Time % Phy DF OF
1 Charlie Coyle Alex Killorn Beau Bennett 60 1 2 2
2 Jake Guentzel Jimmy Vesey Justin Bailey 40 1 2 2
PowerPlay Defense
Defense Defense Time % Phy DF OF
1 Calvin de Haan Mathieu Carle 60 1 2 2
2 Tim Erixon Paul Ladue 40 1 2 2
Penalty Kill 4 Players Forward
Center Wing Time % Phy DF OF
1 Charlie Coyle Alex Killorn 60 1 2 2
2 Mark Olver Beau Bennett 40 1 2 2
Penalty Kill 4 Players Defense
Defense Defense Time % Phy DF OF
1 Calvin de Haan Mathieu Carle 60 1 2 2
2 Tim Erixon Paul Ladue 40 1 2 2
Penalty Kill - 3 Players Forward
Forward Time % Phy DF OF
1 Charlie Coyle 60 1 2 2
2 Mark Olver 40 1 2 2
Penalty Kill - 3 Players Defense
Defense Defense Time % Phy DF OF
1 Calvin de Haan Mathieu Carle 60 1 2 2
2 Mathieu Carle Paul Ladue 40 1 2 2
4 vs 4 Forward
Center Wing Time % Phy DF OF
1 Charlie Coyle Alex Killorn 60 1 2 2
2 Mark Olver Beau Bennett 40 1 2 2
4 vs 4 Defense
Defense Defense Time % Phy DF OF
1 Calvin de Haan Mathieu Carle 60 1 2 2
2 Mathieu Carle Paul Ladue 40 1 2 2
Last Minutes Offensive
Center Left Wing Right Wing Defense Defense
Charlie Coyle Alex Killorn Beau Bennett Calvin de Haan Mathieu Carle
Last Minutes Defensive
Center Left Wing Right Wing Defense Defense
Charlie Coyle Alex Killorn Beau Bennett Calvin de Haan Mathieu Carle
Goaltenders
Starting : Jeremy Duchesne
Backup : Tyson Sexsmith
Extra Forwards
Normal : Anthony Mantha, Jake Guentzel, Alex Killorn - PP : Justin Bailey, Beau Bennett - PK : Mark Olver
Extra Defensemen
Normal : Dmitry Sinitsyn, Paul Ladue, Calvin de Haan - PP : Dmitry Sinitsyn - PK : Tim Erixon, Joe Morrow
Penalty Shots
Beau Bennett, Alex Killorn, Jake Guentzel, Jordan Schroeder, Mark Olver
Scratches
Jacob Josefson (Healthy), Shane Prince (Healthy), Jamie Devane (Healthy), Jeff Corbett (Healthy), Henri Ikonen (Healthy)
Fredric Larsson (Healthy), Tom Kuhnhackl (Healthy), Rocco Grimaldi (Healthy), Josh Andrerson (Healthy), Nikita Zadorov (Sprained Right Finger Injury)
Jesse Graham (Healthy), Nikita Gusev (Healthy), Jamie Phillips (Healthy)
% Time on Ice - Staline
Lines # - Real PCT - Wanted PCT - Time Play
Normal Forward
1 - 35% - 40% - 15:00
2 - 27% - 30% - 11:33
3 - 23% - 20% - 9:53
4 - 14% - 10% - 6:00
Normal Defense
1 - 38% - 40% - 16:19
2 - 36% - 30% - 15:12
3 - 23% - 20% - 9:41
4 - 3% - 10% - 1:14
PP Forward
1 - 59% - 60% - 1:10
2 - 41% - 40% - 0:49
PP Defense
1 - 68% - 60% - 1:21
2 - 32% - 40% - 0:38
PK Forward
1 - 65% - 60% - 9:50
2 - 35% - 40% - 5:24
PK Defense
1 - 64% - 60% - 9:44
2 - 36% - 40% - 5:30
PK3 Forward
1 - 100% - 60% - 0:31
2 - 0% - 40% - 0:00
PK3 Defense
1 - 100% - 60% - 0:31
2 - 0% - 40% - 0:00
44 Forward
1 - 0% - 60%
2 - 0% - 40%
44 Defense
1 - 0% - 60%
2 - 0% - 40%
Last Minute Offensive - 0:00
Last Minute Defensive - 0:00
Total
Forward - 60:10
Defense - 60:10
|
% Time on Ice - Influenza
Lines # - Real PCT - Wanted PCT - Time Play
Normal Forward
1 - 34% - 40% - 14:28
2 - 31% - 30% - 13:02
3 - 20% - 20% - 8:40
4 - 15% - 10% - 6:16
Normal Defense
1 - 41% - 40% - 17:33
2 - 33% - 30% - 13:58
3 - 25% - 20% - 10:26
4 - 1% - 10% - 0:29
PP Forward
1 - 54% - 60% - 8:29
2 - 46% - 40% - 7:06
PP Defense
1 - 61% - 60% - 9:34
2 - 39% - 40% - 6:01
PK Forward
1 - 76% - 60% - 1:30
2 - 24% - 40% - 0:29
PK Defense
1 - 76% - 60% - 1:31
2 - 24% - 40% - 0:28
PK3 Forward
1 - 0% - 60%
2 - 0% - 40%
PK3 Defense
1 - 0% - 60%
2 - 0% - 40%
44 Forward
1 - 100% - 60% - 0:10
2 - 0% - 40% - 0:00
44 Defense
1 - 100% - 60% - 0:10
2 - 0% - 40% - 0:00
Last Minute Offensive - 0:00
Last Minute Defensive - 0:00
Total
Forward - 60:10
Defense - 60:10
|
Play by Play
1st period
0:01 of 1st period - Charlie Coyle wins face-off versus Lars Eller in neutral zone.
0:08 of 1st period - Wrist shot by Beau Bennett.
0:08 of 1st period - Shot Misses the Net.
0:10 of 1st period - Snap shot by Calvin de Haan.
0:10 of 1st period - Shot Misses the Net.
0:12 of 1st period - Wrist shot by Beau Bennett.
0:12 of 1st period - Deflect By Jimmy Vesey.
0:12 of 1st period - Shot Blocked by Alex Petrovic.
0:12 of 1st period - Puck is out of play.
0:13 of 1st period - Max Domi wins face-off versus Corey Trivino in Staline zone.
0:22 of 1st period - Jordan Szwarz is hit by Jake Guentzel.
0:32 of 1st period - Iiro Pakarinen is hit by Jordan Szwarz and loses puck.
0:47 of 1st period - Wrist shot by Jake Guentzel.
0:47 of 1st period - Shot Misses the Net.
1:24 of 1st period - Minor Penalty to Andrey Pedan for Tripping.
1:25 of 1st period - Charlie Coyle wins face-off versus Corey Trivino in Staline zone.
1:30 of 1st period - Snap shot by Alex Killorn.
1:30 of 1st period - Stopped by Andrew Hammond with a rebound.
1:32 of 1st period - Slapshot by Mathieu Carle.
1:32 of 1st period - Shot Blocked by Cameron Gaunce.
1:34 of 1st period - Snap shot by Beau Bennett.
1:34 of 1st period - Stopped by Andrew Hammond with a rebound.
1:46 of 1st period - Wrist shot by Jason Akeson.
1:46 of 1st period - Stopped by Jeremy Duchesne with a rebound.
2:02 of 1st period - Snap shot by Corey Trivino.
2:02 of 1st period - Shot Blocked by Calvin de Haan.
2:26 of 1st period - Jason Akeson is hit by Tim Erixon and loses puck.
2:36 of 1st period - Icing by Jake Guentzel.
2:37 of 1st period - Jake Guentzel wins face-off versus Corey Trivino in Influenza zone.
2:50 of 1st period - Snap shot by Beau Bennett.
2:50 of 1st period - Stopped by Andrew Hammond without a rebound.
2:51 of 1st period - Charlie Coyle wins face-off versus Lars Eller in Staline zone.
3:24 of 1st period - Penalty to Andrey Pedan is over, Andrey Pedan is back on ice.
3:26 of 1st period - Wrist shot by Corey Trivino.
3:26 of 1st period - Stopped by Jeremy Duchesne without a rebound.
3:27 of 1st period - Corey Trivino wins face-off versus Charlie Coyle in Influenza zone.
3:30 of 1st period - Snap shot by Corey Trivino.
3:30 of 1st period - Stopped by Jeremy Duchesne without a rebound.
3:31 of 1st period - Corey Trivino wins face-off versus Charlie Coyle in Influenza zone.
3:40 of 1st period - Backhand shot by Jordan Szwarz.
3:40 of 1st period - Shot Misses the Net.
3:42 of 1st period - Slapshot by Viktor Loov.
3:42 of 1st period - Stopped by Jeremy Duchesne without a rebound.
3:43 of 1st period - Lars Eller wins face-off versus Charlie Coyle in Influenza zone.
4:10 of 1st period - Tyler Pitlick is hit by Mathieu Carle.
4:16 of 1st period - Wrist shot by Mark Olver.
4:16 of 1st period - Shot Misses the Net.
4:50 of 1st period - Max Domi is hit by Barclay Goodrow and loses puck.
5:13 of 1st period - Jason Akeson is hit by Beau Bennett and loses puck.
6:03 of 1st period - Alex Killorn is hit by Viktor Loov and loses puck.
6:24 of 1st period - Snap shot by Beau Bennett.
6:24 of 1st period - Shot Misses the Net.
6:26 of 1st period - Slapshot by Joe Morrow.
6:26 of 1st period - Shot Blocked by Cameron Gaunce.
6:34 of 1st period - Minor Penalty to Cameron Gaunce for Slashing.
6:35 of 1st period - Corey Trivino wins face-off versus Alex Killorn in Staline zone.
6:40 of 1st period - Slapshot by Corey Trivino.
6:40 of 1st period - Stopped by Jeremy Duchesne with a rebound.
8:34 of 1st period - Penalty to Cameron Gaunce is over, Cameron Gaunce is back on ice.
8:40 of 1st period - Cameron Gaunce is hit by Mark Olver and loses puck.
9:08 of 1st period - Tim Erixon is hit by Viktor Loov and loses puck.
9:17 of 1st period - Minor Penalty to Jiri Sekac for Holding.
9:18 of 1st period - Charlie Coyle wins face-off versus Corey Trivino in Staline zone.
9:21 of 1st period - Snap shot by Beau Bennett.
9:21 of 1st period - Stopped by Andrew Hammond without a rebound.
9:22 of 1st period - Corey Trivino wins face-off versus Charlie Coyle in Staline zone.
10:35 of 1st period - Alex Killorn is hit by Lars Eller and loses puck.
11:17 of 1st period - Penalty to Jiri Sekac is over, Jiri Sekac is back on ice.
11:26 of 1st period - Backhand shot by Cameron Gaunce.
11:26 of 1st period - Stopped by Jeremy Duchesne with a rebound.
11:36 of 1st period - Calvin de Haan is hit by Marek Zagrapan and loses puck.
12:03 of 1st period - Minor Penalty to Andrey Pedan for Hooking.
12:04 of 1st period - Corey Trivino wins face-off versus Alex Killorn in Staline zone.
12:17 of 1st period - Wrist shot by Alex Killorn.
12:17 of 1st period - Shot Misses the Net.
12:19 of 1st period - Snap shot by Charlie Coyle.
12:19 of 1st period - Stopped by Andrew Hammond with a rebound.
12:55 of 1st period - Wrist shot by Nick Spaling.
12:55 of 1st period - Stopped by Jeremy Duchesne without a rebound.
12:56 of 1st period - Lars Eller wins face-off versus Charlie Coyle in Influenza zone.
13:19 of 1st period - Icing by Jimmy Vesey.
13:20 of 1st period - Jake Guentzel wins face-off versus Corey Trivino in Influenza zone.
13:41 of 1st period - Minor Penalty to Corey Trivino for Tripping.
13:42 of 1st period - Charlie Coyle wins face-off versus Peter Holland in Staline zone.
13:43 of 1st period - Wrist shot by Beau Bennett.
13:43 of 1st period - Shot Blocked by Alex Petrovic.
13:45 of 1st period - Wrist shot by Paul Ladue.
13:45 of 1st period - Deflect By Beau Bennett.
13:45 of 1st period - Stopped by Andrew Hammond without a rebound.
13:46 of 1st period - Peter Holland wins face-off versus Charlie Coyle in Staline zone.
13:57 of 1st period - Wrist shot by Charlie Coyle.
13:57 of 1st period - Stopped by Andrew Hammond without a rebound.
13:58 of 1st period - Peter Holland wins face-off versus Charlie Coyle in Staline zone.
14:03 of 1st period - Penalty to Andrey Pedan is over, Andrey Pedan is back on ice.
14:27 of 1st period - Slapshot by Mathieu Carle.
14:27 of 1st period - Shot Blocked by Viktor Loov.
15:41 of 1st period - Penalty to Corey Trivino is over, Corey Trivino is back on ice.
15:44 of 1st period - Off-side.
15:45 of 1st period - Jake Guentzel wins face-off versus Corey Trivino in neutral zone.
15:58 of 1st period - Iiro Pakarinen is hit by Cameron Gaunce and loses puck.
16:09 of 1st period - Wrist shot by Marek Zagrapan.
16:09 of 1st period - Shot Blocked by Dmitry Sinitsyn.
16:12 of 1st period - Icing by Jordan Schroeder.
16:13 of 1st period - Jordan Schroeder wins face-off versus Marek Zagrapan in Influenza zone.
16:49 of 1st period - Wrist shot by Nick Spaling.
16:49 of 1st period - Stopped by Jeremy Duchesne without a rebound.
16:50 of 1st period - Corey Trivino wins face-off versus Jake Guentzel in Influenza zone.
17:02 of 1st period - Minor Penalty to Bryan Bickell for Hooking.
17:03 of 1st period - Charlie Coyle wins face-off versus Corey Trivino in Staline zone.
17:03 of 1st period - Snap shot by Beau Bennett.
17:03 of 1st period - Shot Blocked by Nick Spaling.
17:09 of 1st period - Snap shot by Beau Bennett.
17:09 of 1st period - Stopped by Andrew Hammond without a rebound.
17:10 of 1st period - Charlie Coyle wins face-off versus Corey Trivino in Staline zone.
17:17 of 1st period - Snap shot by Alex Killorn.
17:17 of 1st period - Stopped by Andrew Hammond with a rebound.
17:39 of 1st period - Slapshot by Calvin de Haan.
17:39 of 1st period - Shot Misses the Net.
17:41 of 1st period - Slapshot by Mathieu Carle.
17:41 of 1st period - Stopped by Andrew Hammond with a rebound.
17:43 of 1st period - Snap shot by Jimmy Vesey.
17:43 of 1st period - Stopped by Andrew Hammond with a rebound.
17:45 of 1st period - Wrist shot by Jake Guentzel.
17:45 of 1st period - Stopped by Andrew Hammond with a rebound.
18:07 of 1st period - Slapshot by Calvin de Haan.
18:07 of 1st period - Goal by Calvin de Haan - Staline : 0 - Influenza : 1.
18:08 of 1st period - Lars Eller wins face-off versus Charlie Coyle in neutral zone.
18:21 of 1st period - Snap shot by Nick Spaling.
18:21 of 1st period - Shot Misses the Net.
18:23 of 1st period - Snap shot by Nick Spaling.
18:23 of 1st period - Stopped by Jeremy Duchesne with a rebound.
18:33 of 1st period - Corey Trivino is hit by Iiro Pakarinen and loses puck.
18:55 of 1st period - Paul Ladue is hit by Viktor Loov and loses puck.
19:32 of 1st period - Cameron Gaunce is hit by Beau Bennett and loses puck.
19:59 of 1st period - Wrist shot by Bryan Bickell.
19:59 of 1st period - Stopped by Jeremy Duchesne with a rebound.
Goals for this period are 0 for Staline vs 1 for Influenza.
Shots for this period are 10 for Staline vs 13 for Influenza.
2nd period
0:01 of 2nd period - Lars Eller wins face-off versus Charlie Coyle in neutral zone.
0:39 of 2nd period - Wrist shot by Tyler Pitlick.
0:39 of 2nd period - Stopped by Jeremy Duchesne without a rebound.
0:40 of 2nd period - Jake Guentzel wins face-off versus Jason Akeson in Influenza zone.
0:40 of 2nd period - Jake Guentzel is hit by Nick Spaling.
0:45 of 2nd period - Paul Ladue is hit by Andrey Pedan and loses puck.
3:03 of 2nd period - Tyler Pitlick is hit by Jordan Schroeder and loses puck.
3:20 of 2nd period - Snap shot by Nick Spaling.
3:20 of 2nd period - Stopped by Jeremy Duchesne with a rebound.
3:22 of 2nd period - Slapshot by Alex Petrovic.
3:22 of 2nd period - Shot Blocked by Paul Ladue.
3:24 of 2nd period - Slapshot by Alex Petrovic.
3:24 of 2nd period - Stopped by Jeremy Duchesne without a rebound.
3:25 of 2nd period - Corey Trivino wins face-off versus Charlie Coyle in Influenza zone.
3:28 of 2nd period - Snap shot by Bryan Bickell.
3:28 of 2nd period - Stopped by Jeremy Duchesne with a rebound.
4:32 of 2nd period - Jiri Sekac is hit by Charlie Coyle and loses puck.
4:39 of 2nd period - Backhand shot by Jimmy Vesey.
4:39 of 2nd period - Shot Misses the Net.
4:49 of 2nd period - Wrist shot by Peter Holland.
4:49 of 2nd period - Stopped by Jeremy Duchesne without a rebound.
4:50 of 2nd period - Peter Holland wins face-off versus Jordan Schroeder in Influenza zone.
4:51 of 2nd period - Slapshot by Cameron Gaunce.
4:51 of 2nd period - Shot Blocked by Calvin de Haan.
5:15 of 2nd period - Mathieu Carle is hit by Lars Eller and loses puck.
5:20 of 2nd period - Snap shot by Jason Akeson.
5:20 of 2nd period - Stopped by Jeremy Duchesne without a rebound.
5:21 of 2nd period - Lars Eller wins face-off versus Charlie Coyle in Influenza zone.
5:53 of 2nd period - Wrist shot by Max Domi.
5:53 of 2nd period - Stopped by Andrew Hammond with a rebound.
5:55 of 2nd period - Slapshot by Jake Guentzel.
5:55 of 2nd period - Stopped by Andrew Hammond without a rebound.
5:56 of 2nd period - Charlie Coyle wins face-off versus Lars Eller in Staline zone.
5:59 of 2nd period - Snap shot by Beau Bennett.
5:59 of 2nd period - Shot Misses the Net.
6:01 of 2nd period - Wrist shot by Jimmy Vesey.
6:01 of 2nd period - Stopped by Andrew Hammond with a rebound.
6:03 of 2nd period - Slapshot by Calvin de Haan.
6:03 of 2nd period - Stopped by Andrew Hammond without a rebound.
6:04 of 2nd period - Lars Eller wins face-off versus Charlie Coyle in Staline zone.
6:09 of 2nd period - Snap shot by Lars Eller.
6:09 of 2nd period - Shot Misses the Net.
6:59 of 2nd period - Wrist shot by Beau Bennett.
6:59 of 2nd period - Shot Misses the Net.
7:01 of 2nd period - Wrist shot by Charlie Coyle.
7:01 of 2nd period - Shot Misses the Net.
7:15 of 2nd period - Wrist shot by Jason Akeson.
7:15 of 2nd period - Stopped by Jeremy Duchesne with a rebound.
7:21 of 2nd period - Slapshot by Lars Eller.
7:21 of 2nd period - Stopped by Jeremy Duchesne with a rebound.
7:27 of 2nd period - Wrist shot by Calvin de Haan.
7:27 of 2nd period - Shot Misses the Net.
7:29 of 2nd period - Snap shot by Beau Bennett.
7:29 of 2nd period - Stopped by Andrew Hammond with a rebound.
7:33 of 2nd period - Wrist shot by Calvin de Haan.
7:33 of 2nd period - Stopped by Andrew Hammond with a rebound.
7:35 of 2nd period - Slapshot by Charlie Coyle.
7:35 of 2nd period - Shot Misses the Net.
7:37 of 2nd period - Slapshot by Mathieu Carle.
7:37 of 2nd period - Stopped by Andrew Hammond with a rebound.
7:39 of 2nd period - Slapshot by Calvin de Haan.
7:39 of 2nd period - Shot Misses the Net.
8:01 of 2nd period - Off-side.
8:02 of 2nd period - Max Domi wins face-off versus Bryan Bickell in neutral zone.
8:10 of 2nd period - Slapshot by Corey Trivino.
8:10 of 2nd period - Stopped by Jeremy Duchesne with a rebound.
9:15 of 2nd period - Jordan Szwarz is hit by Tim Erixon and loses puck.
9:26 of 2nd period - Mike Reilly is hit by Anthony Mantha and loses puck.
9:44 of 2nd period - Dmitry Sinitsyn is hit by Viktor Loov and loses puck.
10:14 of 2nd period - Slapshot by Viktor Loov.
10:14 of 2nd period - Deflect By Peter Holland.
10:14 of 2nd period - Shot Misses the Net.
10:14 of 2nd period - Puck is out of play.
10:15 of 2nd period - Peter Holland wins face-off versus Mark Olver in Influenza zone.
10:27 of 2nd period - Paul Ladue is hit by Alex Petrovic and loses puck.
11:17 of 2nd period - Viktor Loov is hit by Johan Larsson and loses puck.
11:28 of 2nd period - Snap shot by Jordan Szwarz.
11:28 of 2nd period - Shot Misses the Net.
11:30 of 2nd period - Wrist shot by Philip Larsen.
11:30 of 2nd period - Stopped by Jeremy Duchesne without a rebound.
11:31 of 2nd period - Mark Olver wins face-off versus Nick Spaling in Influenza zone.
11:38 of 2nd period - Snap shot by Alex Killorn.
11:38 of 2nd period - Shot Misses the Net.
12:18 of 2nd period - Snap shot by Peter Holland.
12:18 of 2nd period - Shot Misses the Net.
12:59 of 2nd period - Slapshot by Lars Eller.
12:59 of 2nd period - Stopped by Jeremy Duchesne with a rebound.
13:01 of 2nd period - Backhand shot by Philip Larsen.
13:01 of 2nd period - Shot Blocked by Calvin de Haan.
13:15 of 2nd period - Viktor Loov is hit by Jimmy Vesey and loses puck.
13:24 of 2nd period - Dmitry Sinitsyn is hit by Philip Larsen and loses puck.
13:41 of 2nd period - Icing by Sergey Tolchinsky.
13:42 of 2nd period - Charlie Coyle wins face-off versus Peter Holland in Staline zone.
13:43 of 2nd period - Slapshot by Beau Bennett.
13:43 of 2nd period - Deflect By Charlie Coyle.
13:43 of 2nd period - Stopped by Andrew Hammond without a rebound.
13:44 of 2nd period - Lars Eller wins face-off versus Charlie Coyle in Staline zone.
13:48 of 2nd period - Off-side.
13:49 of 2nd period - Jason Akeson wins face-off versus Charlie Coyle in neutral zone.
13:54 of 2nd period - Wrist shot by Jason Akeson.
13:54 of 2nd period - Goal by Jason Akeson - Staline : 1 - Influenza : 1.
13:55 of 2nd period - Lars Eller wins face-off versus Charlie Coyle in neutral zone.
13:58 of 2nd period - Slapshot by Cameron Gaunce.
13:58 of 2nd period - Shot Misses the Net.
14:00 of 2nd period - Slapshot by Alex Petrovic.
14:00 of 2nd period - Stopped by Jeremy Duchesne without a rebound.
14:01 of 2nd period - Lars Eller wins face-off versus Charlie Coyle in Influenza zone.
14:16 of 2nd period - Snap shot by Jason Akeson.
14:16 of 2nd period - Stopped by Jeremy Duchesne with a rebound.
14:30 of 2nd period - Wrist shot by Bryan Bickell.
14:30 of 2nd period - Stopped by Jeremy Duchesne with a rebound.
14:32 of 2nd period - Snap shot by Bryan Bickell.
14:32 of 2nd period - Goal by Bryan Bickell - Staline : 2 - Influenza : 1.
14:33 of 2nd period - Charlie Coyle wins face-off versus Lars Eller in neutral zone.
14:35 of 2nd period - Mathieu Carle is hit by Alex Petrovic and loses puck.
14:49 of 2nd period - Wrist shot by Charlie Coyle.
14:49 of 2nd period - Stopped by Andrew Hammond with a rebound.
15:21 of 2nd period - Tim Erixon is hit by Alex Petrovic and loses puck.
15:46 of 2nd period - Snap shot by Marek Zagrapan.
15:46 of 2nd period - Stopped by Jeremy Duchesne without a rebound.
15:47 of 2nd period - Charlie Coyle wins face-off versus Marek Zagrapan in Influenza zone.
16:21 of 2nd period - Snap shot by Bryan Bickell.
16:21 of 2nd period - Stopped by Jeremy Duchesne without a rebound.
16:22 of 2nd period - Jake Guentzel wins face-off versus Jordan Szwarz in Influenza zone.
16:48 of 2nd period - Slapshot by Corey Trivino.
16:48 of 2nd period - Shot Blocked by Jimmy Vesey.
17:13 of 2nd period - Snap shot by Alex Killorn.
17:13 of 2nd period - Stopped by Andrew Hammond with a rebound.
17:15 of 2nd period - Wrist shot by Joe Morrow.
17:15 of 2nd period - Shot Misses the Net.
17:17 of 2nd period - Slapshot by Dmitry Sinitsyn.
17:17 of 2nd period - Stopped by Andrew Hammond with a rebound.
17:38 of 2nd period - Wrist shot by Jiri Sekac.
17:38 of 2nd period - Stopped by Jeremy Duchesne without a rebound.
17:39 of 2nd period - Lars Eller wins face-off versus Charlie Coyle in Influenza zone.
18:14 of 2nd period - Slapshot by Mike Reilly.
18:14 of 2nd period - Shot Misses the Net.
18:40 of 2nd period - Backhand shot by Iiro Pakarinen.
18:40 of 2nd period - Deflect By Jordan Szwarz.
18:40 of 2nd period - Shot Misses the Net.
18:40 of 2nd period - Puck is out of play.
18:41 of 2nd period - Anthony Mantha wins face-off versus Lars Eller in Staline zone.
18:56 of 2nd period - Snap shot by Mark Olver.
18:56 of 2nd period - Shot Misses the Net.
18:58 of 2nd period - Minor Penalty to Lars Eller for Hooking.
18:59 of 2nd period - Corey Trivino wins face-off versus Alex Killorn in Staline zone.
Goals for this period are 2 for Staline vs 0 for Influenza.
Shots for this period are 19 for Staline vs 11 for Influenza.
3rd period
0:01 of 3rd period - Corey Trivino wins face-off versus Charlie Coyle in neutral zone.
0:14 of 3rd period - Snap shot by Nick Spaling.
0:14 of 3rd period - Stopped by Jeremy Duchesne with a rebound.
0:20 of 3rd period - Nick Spaling is hit by Alex Killorn and loses puck.
0:58 of 3rd period - Penalty to Lars Eller is over, Lars Eller is back on ice.
1:31 of 3rd period - Slapshot by Tim Erixon.
1:31 of 3rd period - Stopped by Andrew Hammond with a rebound.
1:37 of 3rd period - Paul Ladue is hit by Alex Petrovic and loses puck.
1:45 of 3rd period - Icing by Paul Ladue.
1:46 of 3rd period - Anthony Mantha wins face-off versus Lars Eller in Influenza zone.
1:51 of 3rd period - Wrist shot by Alex Killorn.
1:51 of 3rd period - Deflect By Beau Bennett.
1:51 of 3rd period - Stopped by Andrew Hammond with a rebound.
1:59 of 3rd period - Beau Bennett is hit by Viktor Loov and loses puck.
2:22 of 3rd period - Cameron Gaunce is hit by Mathieu Carle and loses puck.
2:51 of 3rd period - Slapshot by Mathieu Carle.
2:51 of 3rd period - Stopped by Andrew Hammond without a rebound.
2:52 of 3rd period - Lars Eller wins face-off versus Charlie Coyle in Staline zone.
2:59 of 3rd period - Dmitry Sinitsyn is hit by Nick Spaling and loses puck.
3:48 of 3rd period - Wrist shot by Tyler Pitlick.
3:48 of 3rd period - Shot Blocked by Johan Larsson.
3:50 of 3rd period - Slapshot by Viktor Loov.
3:50 of 3rd period - Shot Misses the Net.
3:52 of 3rd period - Snap shot by Philip Larsen.
3:52 of 3rd period - Shot Misses the Net.
4:10 of 3rd period - Wrist shot by Jimmy Vesey.
4:10 of 3rd period - Shot Blocked by Mike Reilly.
5:01 of 3rd period - Icing by Mark Olver.
5:02 of 3rd period - Jiri Sekac wins face-off versus Mark Olver in Influenza zone.
5:03 of 3rd period - Wrist shot by Marek Zagrapan.
5:03 of 3rd period - Deflect By Lars Eller.
5:03 of 3rd period - Shot Misses the Net.
5:03 of 3rd period - Puck is out of play.
5:04 of 3rd period - Lars Eller wins face-off versus Charlie Coyle in Influenza zone.
5:05 of 3rd period - Snap shot by Nick Spaling.
5:05 of 3rd period - Stopped by Jeremy Duchesne with a rebound.
5:07 of 3rd period - Wrist shot by Lars Eller.
5:07 of 3rd period - Shot Blocked by Mathieu Carle.
5:09 of 3rd period - Snap shot by Cameron Gaunce.
5:09 of 3rd period - Shot Blocked by Mathieu Carle.
5:11 of 3rd period - Snap shot by Lars Eller.
5:11 of 3rd period - Shot Misses the Net.
5:13 of 3rd period - Slapshot by Alex Petrovic.
5:13 of 3rd period - Stopped by Jeremy Duchesne without a rebound.
5:14 of 3rd period - Charlie Coyle wins face-off versus Jason Akeson in Influenza zone.
5:19 of 3rd period - Jason Akeson is hit by Beau Bennett and loses puck.
5:30 of 3rd period - Snap shot by Charlie Coyle.
5:30 of 3rd period - Stopped by Andrew Hammond with a rebound.
5:32 of 3rd period - Slapshot by Mathieu Carle.
5:32 of 3rd period - Goal by Mathieu Carle - Staline : 2 - Influenza : 2.
5:33 of 3rd period - Lars Eller wins face-off versus Charlie Coyle in neutral zone.
5:35 of 3rd period - Off-side.
5:36 of 3rd period - Lars Eller wins face-off versus Charlie Coyle in neutral zone.
5:39 of 3rd period - Snap shot by Jason Akeson.
5:39 of 3rd period - Shot Misses the Net.
6:01 of 3rd period - Off-side.
6:02 of 3rd period - Jake Guentzel wins face-off versus Corey Trivino in neutral zone.
6:27 of 3rd period - Nick Spaling is hit by Beau Bennett and loses puck.
7:27 of 3rd period - Off-side.
7:28 of 3rd period - Lars Eller wins face-off versus Jake Guentzel in neutral zone.
7:49 of 3rd period - Minor Penalty to Calvin de Haan for Kneeing.
7:50 of 3rd period - Lars Eller wins face-off versus Charlie Coyle in Influenza zone.
8:01 of 3rd period - Wrist shot by Jason Akeson.
8:01 of 3rd period - Shot Blocked by Mathieu Carle.
8:21 of 3rd period - Icing by Cameron Gaunce.
8:22 of 3rd period - Corey Trivino wins face-off versus Charlie Coyle in Staline zone.
8:37 of 3rd period - Wrist shot by Nick Spaling.
8:37 of 3rd period - Shot Misses the Net.
8:39 of 3rd period - Slapshot by Alex Petrovic.
8:39 of 3rd period - Shot Blocked by Joe Morrow.
8:41 of 3rd period - Wrist shot by Lars Eller.
8:41 of 3rd period - Stopped by Jeremy Duchesne with a rebound.
8:43 of 3rd period - Snap shot by Jason Akeson.
8:43 of 3rd period - Stopped by Jeremy Duchesne with a rebound.
8:45 of 3rd period - Slapshot by Alex Petrovic.
8:45 of 3rd period - Stopped by Jeremy Duchesne without a rebound.
8:46 of 3rd period - Lars Eller wins face-off versus Charlie Coyle in Influenza zone.
9:30 of 3rd period - Alex Petrovic is hit by Mark Olver and loses puck.
9:38 of 3rd period - Joe Morrow is hit by Jason Akeson.
9:49 of 3rd period - Penalty to Calvin de Haan is over, Calvin de Haan is back on ice.
10:21 of 3rd period - Peter Holland is hit by Justin Bailey and loses puck.
10:36 of 3rd period - Mathieu Carle is hit by Bryan Bickell.
10:46 of 3rd period - Viktor Loov is hit by Charlie Coyle and loses puck.
11:17 of 3rd period - Icing by Philip Larsen.
11:18 of 3rd period - Lars Eller wins face-off versus Jake Guentzel in Staline zone.
11:18 of 3rd period - Lars Eller is hit by Paul Ladue.
11:28 of 3rd period - Off-side.
11:29 of 3rd period - Lars Eller wins face-off versus Charlie Coyle in neutral zone.
11:45 of 3rd period - Off-side.
11:46 of 3rd period - Corey Trivino wins face-off versus Iiro Pakarinen in neutral zone.
12:22 of 3rd period - Minor Penalty to Jason Akeson for Hooking.
12:23 of 3rd period - Corey Trivino wins face-off versus Charlie Coyle in Staline zone.
12:49 of 3rd period - Corey Trivino is hit by Justin Bailey and loses puck.
12:54 of 3rd period - Snap shot by Jake Guentzel.
12:54 of 3rd period - Shot Misses the Net.
13:16 of 3rd period - Viktor Loov is hit by Paul Ladue and loses puck.
13:51 of 3rd period - Nick Spaling is hit by Tim Erixon and loses puck.
14:22 of 3rd period - Penalty to Jason Akeson is over, Jason Akeson is back on ice.
16:13 of 3rd period - Justin Bailey is hit by Cameron Gaunce and loses puck.
16:44 of 3rd period - Mathieu Carle is hit by Jiri Sekac and loses puck.
17:09 of 3rd period - Tim Erixon is hit by Lars Eller and loses puck.
17:17 of 3rd period - Icing by Tim Erixon.
17:18 of 3rd period - Iiro Pakarinen wins face-off versus Peter Holland in Influenza zone.
18:35 of 3rd period - Snap shot by Corey Trivino.
18:35 of 3rd period - Stopped by Jeremy Duchesne with a rebound.
18:37 of 3rd period - Snap shot by Philip Larsen.
18:37 of 3rd period - Stopped by Jeremy Duchesne without a rebound.
18:38 of 3rd period - Marek Zagrapan wins face-off versus Anthony Mantha in Influenza zone.
18:41 of 3rd period - Snap shot by Marek Zagrapan.
18:41 of 3rd period - Stopped by Jeremy Duchesne with a rebound.
18:43 of 3rd period - Snap shot by Cameron Gaunce.
18:43 of 3rd period - Stopped by Jeremy Duchesne with a rebound.
19:01 of 3rd period - Minor Penalty to Tyler Pitlick for Tripping.
19:02 of 3rd period - Charlie Coyle wins face-off versus Corey Trivino in Staline zone.
19:14 of 3rd period - Off-side.
19:15 of 3rd period - Corey Trivino wins face-off versus Charlie Coyle in neutral zone.
19:50 of 3rd period - Wrist shot by Jake Guentzel.
19:50 of 3rd period - Stopped by Andrew Hammond with a rebound.
Goals for this period are 0 for Staline vs 1 for Influenza.
Shots for this period are 10 for Staline vs 6 for Influenza.
Overtime #1
0:01 of 1st overtime period - Charlie Coyle wins face-off versus Peter Holland in neutral zone.
0:10 of 1st overtime period - Snap shot by Charlie Coyle.
0:10 of 1st overtime period - Goal by Charlie Coyle - Staline : 2 - Influenza : 3.
Goals for this period are 0 for Staline vs 1 for Influenza.
Shots for this period are 0 for Staline vs 1 for Influenza.
Back to the Top